 Dungeon Crawl Stone Soup version 0.23-a0-473-gc8aadda (webtiles) character file.

140 Amnesiac the Digger (level 5, 21/21 HPs)
             Began as a Felid Earth Elementalist on Nov 27, 2018.
             Quit the game on level 4 of the Dungeon.
             The game lasted 00:01:24 (394 turns).

Amnesiac the Digger (Felid Earth Elementalist)       Turns: 394, Time: 00:01:24

Health: 21/21      AC:  2    Str:  4    XL:     5   Next: 2%
Magic:  11/11      EV: 18    Int: 19    God:
Gold:   18         SH:  0    Dex: 16    Spells: 3/11 levels left
                                        Lives:  0   Deaths: 1

rFire    . . .     SeeInvis +   (weapon unavailable)
rCold    . . .     Gourm    .   (shield unavailable)
rNeg     . . .     Faith    .   (armour unavailable)
rPois    .         Spirit   .   (helmet unavailable)
rElec    .         Reflect  .   (cloak unavailable)
rCorr    .         Harm     .   (gloves unavailable)
MR       .....                  (boots unavailable)
Stlth    +++.......             (no amulet)
HPRegen  0.07/turn              (no ring)
MPRegen  0.12/turn              (no ring)

@: quick
A: very small, no armour, no weapons or thrown items, stealth, claws 1, fangs 3,
see invisible, carnivore, speed 1, shaggy fur 2, slow metabolism 1, sharp paws
a: no special abilities


You were on level 4 of the Dungeon.
You were not hungry.

You visited 1 branch of the dungeon, and saw 4 of its levels.

You collected 18 gold pieces.

Inventory:

Missiles
 b - 47 stones
Scrolls
 a - a scroll of enchant armour {!r, unknown}
 e - a scroll of remove curse {!r, unknown}
Comestibles
 c - 2 rations
 d - 2 chunks of flesh


   Skills:
 - Level 2.6 Dodging
 - Level 2.6 Stealth
 + Level 3.7 Spellcasting
 - Level 1.1 Transmutations
 * Level 5.2 Earth Magic


You had 3 spell levels left.
You knew the following spells:

 Your Spells              Type           Power        Failure   Level  Hunger
a - Sandblast             Erth           ###...       1%          1    None
b - Passwall              Tmut/Erth      ###.....     6%          2    ##.....
d - Lee's Rapid Deconstr  Erth           ###.......   41%         5    ######.

Your spell library contained the following spells:

 Spells                   Type           Power        Failure   Level  Hunger
 Stone Arrow              Conj/Erth      ##....       14%         3    ###....
 Petrify                  Tmut/Erth      ###.....     36%         4    ####...


Dungeon Overview and Level Annotations

Branches:
Dungeon (4/15)
 Temple: D:4-7

Altars:


Innate Abilities, Weirdness & Mutations

You cannot wear armour.
You are incapable of wielding weapons or throwing items.
Your paws allow you to move quietly. (Stealth)
You have sharp claws.
You have razor-sharp teeth.
You have supernaturally acute eyesight. (SInv)
You are carnivorous and can eat meat at any time.
You cover ground quickly.
You are covered in thick fur. (AC +2)
You have a slow metabolism.
Your sharp claws are effective at attacking unaware monsters.


Message History

The worker ant bites you!
* * * LOW HITPOINT WARNING * * *
You are lethally poisoned!
The worker ant poisons you!
Casting: Sandblast (safe; 1% risk of failure)
Confirm with . or Enter, or press ? or * to list all spells.
Aiming: Sandblast (safe; 1% risk of failure)
Press: ? - help, Shift-Dir - straight line, f/p - worker ant
Aim: a worker ant (lightly wounded)
The blast of sand hits the worker ant.
You kill the worker ant!
You have reached level 6!
Your experience leads to an increase in your attributes!
Increase (S)trength, (I)ntelligence, or (D)exterity?
You feel clever.
Your fur grows into a thick mane.
b - 47 stones
* * * LOW HITPOINT WARNING * * *
You feel sick.
You aren't carrying any potions.
* * * LOW HITPOINT WARNING * * *
You feel sick.
You see here a worker ant corpse.
You butcher the worker ant corpse.
* * * LOW HITPOINT WARNING * * *
You feel sick.
You see here 2 chunks of flesh.
There is a lethal amount of poison in your body!
d - 2 chunks of flesh
* * * LOW HITPOINT WARNING * * *
You feel sick.
* * * LOW HITPOINT WARNING * * *
You feel sick.
Casting: Sandblast (safe; 1% risk of failure)
Confirm with . or Enter, or press ? or * to list all spells.
Aiming: Passwall (safe; 6% risk of failure)
Press: ? - help, Dir - move target cursor A rock wall.
You begin to meditate on the wall.
You continue meditating on the rock.
* * * LOW HITPOINT WARNING * * *
You feel sick.
You continue meditating on the rock.
You finish merging with the rock.
Casting: Passwall (safe; 6% risk of failure)
Confirm with . or Enter, or press ? or * to list all spells.
Aiming: Passwall (safe; 6% risk of failure)
Press: ? - help, Dir - move target cursor A rock wall.
* * * LOW HITPOINT WARNING * * *
You feel sick.
You begin to meditate on the wall.
You continue meditating on the rock. x2
You finish merging with the rock.
Unknown command.
Casting: Passwall (safe; 6% risk of failure)
Confirm with . or Enter, or press ? or * to list all spells.
Aiming: Passwall (safe; 6% risk of failure)
Press: ? - help, Dir - move target cursor A rock wall.
Your meditation is interrupted.
You die...
You feel sick.
You are now level 5!
You rejoin the land of the living...
Are you sure you want to abandon this character and quit the game? (Confirm

..#.# #...............#
....# ##..##>##.....#.#
....######.##.###...##.#
...........##.# ##.###.#
....#########.####.###.#
....#########..........###
#.#
..#......................#
#.#
..#..######........#####.#
#.# ..#.......#.....@..#
#.# #.#
.)#.......#........# #.#
#.# ....#..............#
#.# #.#
#.#.......#.##.##.## #.#
#.# #.#.......#.##.##.#
#.###.####
#.#..............<#
#.........
.#.######.###.####
#####..... ## #.# #.#
###.## #.# #.# #.#


There were no monsters in sight!

Vanquished Creatures
  An ice beast (D:4)
  An ogre (D:4)
  A centaur skeleton (D:4)
  2 worker ants (D:4)
  An adder (D:2)
  A worm (D:3)
  A leopard gecko (D:4)
  A bat (D:1)
  A frilled lizard (D:4)
10 creatures vanquished.

Notes
Turn   | Place    | Note
-------+----------+-------------------------------------------
     0 | D:1      | Amnesiac the Felid Earth Elementalist began the quest for
                  | the Orb.
     0 | D:1      | Reached XP level 1. HP: 7/7 MP: 4/4
    60 | D:2      | Reached skill level 3 in Earth Magic
    60 | D:2      | Reached XP level 2. HP: 7/11 MP: 3/6
    64 | D:2      | Learned a level 2 spell: Passwall
   142 | D:4      | Reached XP level 3. HP: 12/14 MP: 3/7
   144 | D:4      | Reached XP level 4. HP: 16/18 MP: 1/9
   228 | D:4      | Noticed an ogre
   237 | D:4      | Killed an ogre
   237 | D:4      | Reached skill level 4 in Earth Magic
   237 | D:4      | Reached XP level 5. HP: 21/21 MP: 6/10
   254 | D:4      | Learned a level 5 spell: Lee's Rapid Deconstruction
   320 | D:4      | Noticed an ice beast
   346 | D:4      | Killed an ice beast
   346 | D:4      | Reached skill level 5 in Earth Magic
   380 | D:4      | Gained mutation: You are covered in thick fur. (AC +2)
                  | [Felid growth]
   380 | D:4      | Reached XP level 6. HP: 7/24 MP: 5/12
   388 | D:4      | HP: 1/24 [poisoned by a worker ant]
   393 | D:4      | Succumbed to a worker ant's poison
   394 | D:4      | Reached XP level 5. HP: 0/21 MP: 1/11
   394 | D:4      | Quit the game

Vault maps used:
D:1:      minmay_arrival_semitransparent, grunt_decor_cap
D:3:      first_ration, okawaru_altar_gauntlet_db
D:4:      vehumet_crystals, tso_altar

Skill      XL: |  1  2  3  4  5 |
---------------+----------------+-----
Earth Magic    | 3 4 5 |  5.2
Spellcasting   | 3 |  3.7
Dodging        | |  2.6
Stealth        | |  2.6
Transmutations | |  1.1

Action                   |  1- 3 |  4- 6 || total
-------------------------+-------+-------++-------
Melee: Unarmed           |     5 |     8 ||    13
       Bite              |     1 |     1 ||     2
 Cast: Sandblast         |    13 |    14 ||    27
       Passwall          |       |     3 ||     3
  Eat: Chunk             |     2 |     4 ||     6
Armor: Skin              |     1 |     1 ||     2
Dodge: Dodged            |     8 |     5 ||    13

Table legend:
 A = Non-vault XP
 B = Vault XP
 C = Vault XP percentage of total XP
 D = Non-vault monster count
 E = Vault monster count
 F = Vault count percentage of total count
                 A         B        C        D         E       F
            +---------+---------+-------+---------+---------+-------
      Total |     391 |       0 |   0.0 |      10 |       0 |   0.0
            +---------+---------+-------+---------+---------+-------
        D:1 |       1 |       0 |   0.0 |       1 |       0 |   0.0
        D:2 |      13 |       0 |   0.0 |       1 |       0 |   0.0
        D:3 |       5 |       0 |   0.0 |       1 |       0 |   0.0
        D:4 |     372 |       0 |   0.0 |       7 |       0 |   0.0
            +---------+---------+-------+---------+---------+-------
